 Dungeon Crawl Stone Soup version 0.28.0-45-g0d030f2227 (webtiles) character file.

Game seed: 15998495585461559924

4411 Kziril the Fighter (level 10, -9/68 HPs)
             Began as a Gargoyle Fighter on Apr 19, 2022.
             Was a Plaything of Xom.
             Mangled by an orc warrior
             ... wielding a +0 halberd
              (15 damage)
             ... on level 9 of the Dungeon.
             The game lasted 00:26:04 (10193 turns).

Kziril the Fighter (Gargoyle Fighter)              Turns: 10193, Time: 00:26:04

Health: -9/68      AC: 26    Str: 23    XL:     10   Next: 36%
Magic:  0/10       EV:  8    Int: 10    God:    Xom [*.....]
Gold:   578        SH:  5    Dex:  9    Spells: 9/9 levels left

rFire   . . .      SeeInvis .   y - +2 mace (protect)
rCold   + . .      Faith    .   c - +0 buckler
rNeg    + . .      Spirit   +   E - +0 chain mail
rPois   ∞          Reflect  .   (helmet restricted)
rElec   +          Harm     .   B - +0 cloak
rCorr   +          Rampage  .   (no gloves)
Will    .....      Rnd*Tele +   (no boots)
Stlth   ..........              n - amulet of guardian spirit
HPRegen 0.21/turn               k - ring of protection from cold
MPRegen 0.12/turn               H - ring of resist corrosion

@: mighty, under a protective aura
A: sickness immunity, AC +7, negative energy resistance 1, electricity
resistance, torment resistance 1, petrification resistance, horns 2, clever 1,
clumsy 1, teleportitis 1, sturdy frame 1
a: Renounce Religion


You were on level 9 of the Dungeon.
You worshipped Xom.
You were a special plaything of Xom.
You visited 2 branches of the dungeon, and saw 11 of its levels.

You collected 578 gold pieces.

Inventory:

Hand Weapons
 x - a +4 flail of holy wrath
 y - a +2 mace of protection (weapon)
Missiles
 D - a throwing net (quivered)
Armour
 c - a +0 buckler (worn)
 B - a +0 cloak (worn)
 E - a +0 chain mail (worn)
Jewellery
 k - a ring of protection from cold (left hand)
 n - an amulet of guardian spirit (around neck)
 H - a ring of resist corrosion (right hand)
Wands
 s - a wand of paralysis (21)
 w - a wand of iceblast (4)
 I - a wand of acid (8)
 J - a wand of mindburst (21)
Scrolls
 a - 2 scrolls of silence
 b - a scroll of immolation {unknown}
 f - 12 scrolls of identify {unknown}
 i - a scroll of fear {unknown}
 m - 5 scrolls of amnesia {unknown}
 o - 5 scrolls of teleportation {unknown}
 p - a scroll of vulnerability {unknown}
 t - 2 scrolls of holy word {unknown}
 C - a scroll of enchant armour {unknown}
 G - a scroll of magic mapping {unknown}
 L - a scroll of enchant weapon {unknown}
Potions
 d - 3 potions of might
 e - a potion of lignification {unknown}
 g - 4 potions of haste {unknown}
 h - 2 potions of flight {unknown}
 j - a potion of mutation {unknown}
 l - 3 potions of curing {unknown}
 q - 2 potions of ambrosia {unknown}
 r - a potion of cancellation {unknown}
 u - a potion of heal wounds {unknown}
 v - a potion of berserk rage {unknown}
 z - 2 potions of resistance {unknown}
 A - a potion of degeneration {unknown}
 K - a potion of invisibility {unknown}
 M - a potion of brilliance {unknown}
Miscellaneous
 F - a lightning rod (4/4)


   Skills:
 * Level 10.8 Fighting
 + Level 6.9 Maces & Flails
 + Level 8.0 Armour
 + Level 8.0 Shields


You had 9 spell levels left.
You didn't know any spells.
Your spell library contained the following spells:

 Spells                   Type           Power      Damage    Failure   Level
 Apportation              Tloc           0%         N/A       88%         1
 Magic Dart               Conj           0%         1d3       88%         1
 Static Discharge         Conj/Air       0%         N/A       96%         2
 Inner Flame              Hex/Fire       0%         N/A       99%         3
 Animate Armour           Summ/Erth      0%         N/A       100%        4
 Olgreb's Toxic Radiance  Pois           0%         N/A       100%        4
 Alistair's Intoxication  Tmut/Pois      0%         N/A       100%        5
 Blade Hands              Tmut           0%         N/A       100%        5
 Fireball                 Conj/Fire      0%         3d3       100%        5
 Lightning Bolt           Conj/Air       0%         1d11      100%        5
 Iron Shot                Conj/Erth      0%         9d1       100%        6
 Starburst                Conj/Fire      0%         6d3       100%        6
 Ozocubu's Refrigeration  Ice            0%         4d5       100%        7
 Ignition                 Fire           0%         3d3       100%        8
 Maxwell's Capacitive Co  Air            0%         ∞         100%        8


Dungeon Overview and Level Annotations

Branches:
Dungeon (10/15)            Temple (1/1) D:7            Lair (0/6) D:9
    Orc (0/2) D:9

Altars:
Elyvilon
Gozag
Xom
Zin

Shops:
D:9 !

Annotations:
D:7 3 runed translucent doors, Eitelfritz's ghost, novice MiGl


Innate Abilities, Weirdness & Mutations

You are immune to sickness and miasma.
Your stone body is resilient. (AC +7)
You are immune to poison.
You resist negative energy. (rN+)
You are resistant to electric shocks. (rElec)
You are resistant to unholy torment.
You are immune to petrification.
You have a pair of horns on your head.
Your mind is acute. (Int +2)
You are clumsy. (Dex -2)
You are occasionally teleported next to monsters.
Your movements are slightly less encumbered by armour. (ER -2)


Message History

The orc warrior is severely wounded.
The orc priest calls upon Beogh to heal the orc warrior.
The orc warrior is healed somewhat.
The orc priest calls upon Beogh to heal the orc warrior.
The orc warrior is healed somewhat.
The orc warrior closely misses you.
You completely miss the orc warrior.
The orc warrior is moderately wounded.
The orc warrior closely misses you.
You sock the orc warrior! Your headbutt misses the orc warrior.
The orc warrior is heavily wounded.
The orc warrior hits you but does no damage.
You hit the orc warrior but do no damage.
The orc warrior is heavily wounded.
The orc warrior hits you but does no damage.
The orc priest calls down the wrath of Beogh upon you.
Beogh smites you!
You hear a shout!
You barely miss the orc warrior.
The orc warrior is heavily wounded.
The orc warrior barely misses you.
You closely miss the orc warrior.
The orc warrior is heavily wounded.
The orc warrior hits you but does no damage.
The orc priest calls down the wrath of Beogh upon you.
Beogh smites you!
* * * LOW HITPOINT WARNING * * *
You hit the orc warrior but do no damage.
Your headbutt misses the orc warrior.
The orc warrior is heavily wounded.
The orc warrior hits you but does no damage.
You hit the orc warrior but do no damage.
The orc warrior is heavily wounded.
The orc warrior hits you with a +0 halberd!
* * * LOW HITPOINT WARNING * * *
You feel very mighty all of a sudden.
The orc warrior hits you but does no damage.
You thump the orc warrior!
The orc warrior is severely wounded.
The orc warrior hits you with a +0 halberd!
You die...

.o..>.## ##..# #...o.# #..##
.o..# ##'### ####o.##..........
######'##...'...o......
#.......###.#.......... ###
#.......##.o#..........
.)#######.......##o##..o.o.....
#.......'.......@oo##o.........
#########.......#####.o........
#########


You could see an orc warrior, 2 orc priests and an orc.

Vanquished Creatures
  Pikel (D:4)
  A kobold demonologist (D:9)
  A hornet (D:7)
  Grinder (D:4)
  3 wyverns
  Edmund (D:5)
  A water moccasin (D:7)
  3 ice beasts
  A sky beast (D:7)
  A necrophage (D:5)
  An ogre (D:5)
  A black bear (D:5)
  2 centaurs
  3 lemures (D:4)
  2 bullfrogs
  2 scorpions
  9 killer bees (D:7)
  4 wights (D:8)
  A howler monkey (D:8)
  A bullfrog zombie (D:6)
  2 centaur zombies
  5 orc priests
  Crazy Yiuf (D:6)
  4 hounds
  A bullfrog skeleton (D:5)
  3 centaur skeletons
  4 iguanas
  8 orc wizards
  A hound zombie (D:5)
  2 howler monkey skeletons
  10 adders
  An ufetubus (D:5)
  25 orcs
  4 bats
  12 endoplasms
  A giant cockroach (D:2)
  3 hobgoblins
  6 kobolds
  5 quokkas
  2 ball pythons
  4 frilled lizards
  10 goblins
  9 rats
163 creatures vanquished.

Notes
Turn   | Place    | Note
-------+----------+-------------------------------------------
     0 | D:1      | Kziril the Gargoyle Fighter began the quest for the Orb.
     0 | D:1      | Reached XP level 1. HP: 14/14 MP: 1/1
   389 | D:2      | Found a faded altar of an unknown god.
   408 | D:1      | Reached XP level 2. HP: 18/19 MP: 2/2
  1218 | D:2      | Found a white marble altar of Elyvilon.
  1417 | D:2      | Reached XP level 3. HP: 8/24 MP: 3/3
  1809 | D:2      | Reached skill level 4 in Fighting
  2053 | D:2      | Prayed at the altar of an unknown god.
  2053 | D:2      | Became a worshipper of Xom of Chaos
  2228 | D:2      | XOM: silly message
  2336 | D:3      | Reached XP level 4. HP: 25/29 MP: 2/4
  2383 | D:3      | XOM: silly message
  2422 | D:3      | XOM: divination: magic mapping
  2586 | D:3      | XOM: silly message
  2968 | D:3      | XOM: silly message
  2990 | D:3      | XOM: silly message
  3031 | D:3      | XOM: divination: detect items
  3106 | D:3      | XOM: stat loss: -1 Int (7/8)
  3403 | D:4      | XOM: smoke on damage
  3491 | D:4      | XOM: noise
  3496 | D:4      | XOM: 2-stop teleportation journey
  3497 | D:4      | Reached XP level 5. HP: 4/34 MP: 1/5
  3516 | D:4      | Noticed Grinder
  3745 | D:3      | XOM: give mutations
  3745 | D:3      | Gained mutation: Your mind is acute. (Int +2) [Xom's grace]
  3745 | D:3      | Gained mutation: You have a pair of small horns on your
                  | head. [Xom's grace]
  3745 | D:3      | Gained mutation: Your muscles are strong. (Str +2) [Xom's
                  | grace]
  3896 | D:4      | XOM: chaos cloud
  3936 | D:5      | Entered Level 5 of the Dungeon
  3936 | D:5      | Noticed an ogre
  4021 | D:4      | Noticed a lemure
  4021 | D:4      | Noticed a lemure
  4021 | D:4      | Noticed a lemure
  4022 | D:4      | Noticed Pikel
  4065 | D:4      | Killed a lemure
  4071 | D:4      | Killed a lemure
  4077 | D:4      | Killed a lemure
  4305 | D:4      | Reached skill level 5 in Fighting
  4307 | D:4      | Paralysed by Grinder for 4 turns
  4316 | D:4      | XOM: fake destruction
  4318 | D:4      | Paralysed by Grinder for 2 turns
  4320 | D:4      | Killed Grinder
  4321 | D:4      | Reached XP level 6. HP: 29/41 MP: 3/6
  4389 | D:4      | Reached XP level 7. HP: 30/45 MP: 5/7
  4409 | D:4      | XOM: summons 2 hostile demons
  4660 | D:4      | Killed Pikel
  4661 | D:4      | Reached skill level 7 in Fighting
  4661 | D:4      | Reached skill level 5 in Armour
  4661 | D:4      | Reached skill level 5 in Shields
  4661 | D:4      | Reached XP level 8. HP: 48/53 MP: 6/8
  4663 | D:4      | XOM: give mutations
  4663 | D:4      | Gained mutation: You occasionally shout uncontrollably at
                  | your foes. [Xom's mischief]
  4663 | D:4      | Lost mutation: Your mind is acute. (Int +2) [Xom's
                  | mischief]
  4663 | D:4      | Gained mutation: You have sharp fingernails. [Xom's
                  | mischief]
  4663 | D:4      | Gained mutation: You are clumsy. (Dex -2) [Xom's mischief]
  4990 | D:4      | XOM: give mutations
  4990 | D:4      | Gained mutation: Your muscles are very strong. (Str +4)
                  | [Xom's grace]
  4990 | D:4      | Gained mutation: You have a pair of horns on your head.
                  | [Xom's grace]
  4990 | D:4      | Gained mutation: Your mind is acute. (Int +2) [Xom's grace]
  5204 | D:4      | XOM: scenery: create altars
  5247 | D:5      | XOM is BORED!
  5247 | D:5      | XOM: noise
  5256 | D:5      | Noticed Edmund
  5266 | D:5      | XOM: potion effect (heal wounds)
  5276 | D:5      | Killed Edmund
  5537 | D:5      | XOM: silly message
  5618 | D:5      | Reached skill level 5 in Maces & Flails
  5649 | D:5      | XOM is BORED!
  5649 | D:5      | XOM: silly message
  5655 | D:5      | Reached skill level 8 in Fighting
  5982 | D:5      | Reached XP level 9. HP: 60/60 MP: 9/9
  6096 | D:5      | XOM: silly message
  6215 | D:6      | XOM: silly message
  6225 | D:6      | XOM: snakes to sticks
  6259 | D:6      | XOM: 1-stop teleportation journey
  6335 | D:6      | XOM: 3-stop teleportation journey
  6530 | D:6      | XOM is BORED!
  6707 | D:6      | XOM: summons friendly quasit
  6727 | D:6      | XOM: 1-stop teleportation journey
  6743 | D:6      | Found a runed translucent door.
  6744 | D:6      | Noticed Crazy Yiuf
  6754 | D:6      | Killed Crazy Yiuf
  6755 | D:6      | Reached skill level 9 in Fighting
  7284 | D:6      | XOM: god gift: 55 gold pieces
  7473 | D:7      | XOM: divination: magic mapping
  7498 | D:7      | Noticed a hornet
  7513 | D:7      | Killed a hornet
  7650 | D:7      | Found a runed translucent gate.
  7650 | D:7      | Found a runed translucent gate.
  7650 | D:7      | Found a runed translucent gate.
  7651 | D:7      | Noticed Eitelfritz's ghost (novice MiGl)
  7681 | D:7      | XOM: enchant monster (bad)
  7863 | D:7      | XOM: cast spell 'Olgreb's Toxic Radiance'
  7969 | D:7      | XOM: 1-stop teleportation journey
  8235 | D:7      | XOM: god gift: lightning rod (4/4)
  8327 | D:7      | Found a staircase to the Ecumenical Temple.
  8336 | Temple   | Entered the Ecumenical Temple
  8405 | D:7      | XOM: noise
  8415 | D:7      | Reached skill level 10 in Fighting
  8565 | D:7      | XOM: silly message
  8678 | D:7      | XOM: silly message
  8690 | D:7      | Reached XP level 10. HP: 37/68 MP: 4/10
  8742 | D:7      | XOM: divination: magic mapping
  9021 | D:8      | XOM: summons 1 hostile shadow creature
  9172 | D:9      | Found Icuteass's Distillery.
  9381 | D:8      | Identified the +8 quarterstaff of Intimidation {freeze, rN+
                  | Int+2 Dex-4}
  9388 | D:8      | XOM: give mutations
  9388 | D:8      | Lost mutation: You occasionally shout uncontrollably at
                  | your foes. [Xom's mischief]
  9388 | D:8      | Gained mutation: You sometimes lose the ability to read
                  | scrolls when taking damage. [Xom's mischief]
  9388 | D:8      | Gained mutation: You are occasionally teleported next to
                  | monsters. [Xom's mischief]
  9388 | D:8      | Gained mutation: Your body sometimes deteriorates upon
                  | taking damage. [Xom's mischief]
  9421 | D:8      | XOM: give mutations
  9421 | D:8      | Gained mutation: Your movements are slightly less
                  | encumbered by armour. (ER -2) [Xom's mischief]
  9421 | D:8      | Lost mutation: Your muscles are very strong. (Str +4)
                  | [Xom's mischief]
  9421 | D:8      | Lost mutation: You have sharp fingernails. [Xom's mischief]
  9421 | D:8      | Lost mutation: Your body sometimes deteriorates upon taking
                  | damage. [Xom's mischief]
  9703 | D:8      | XOM: give mutations
  9703 | D:8      | Lost mutation: Your muscles are strong. (Str +2) [Xom's
                  | mischief]
  9703 | D:8      | Lost mutation: You sometimes lose the ability to read
                  | scrolls when taking damage. [Xom's mischief]
  9800 | D:9      | Found a staircase to the Lair.
  9800 | D:9      | XOM: 5-stop teleportation journey
  9848 | D:9      | Noticed a kobold demonologist
  9858 | D:9      | Noticed a soul eater
  9861 | D:9      | Killed a kobold demonologist
  9866 | D:10     | Entered Level 10 of the Dungeon
  9930 | D:9      | Got Noffoabiung's Guide on the Blaze and Combat Magic
 10123 | D:9      | Found a staircase to the Orcish Mines.
 10136 | D:9      | XOM is BORED!
 10136 | D:9      | XOM: polymorph orc -> adder
 10193 | D:9      | Mangled by an orc warrior

Illustrated notes

Levels and vault maps discovered:
D:1:      ncdulo_watergridlock, layout_loops_ring, chequers_serial_rivers_marsh
D:2:      layout_basic, basic_altar, ebering_ecumenical_altar_abandoned
D:3:      layout_basic
D:4:      layout_loops_corners, uniq_grinder, uniq_pikel
D:5:      layout_basic, uniq_edmund
D:6:      layout_basic, portal_sewer_entry_d, uniq_crazy_yiuf_cottage
D:7:      layout_cave_pods, minmay_temple_entry_poolview,
          gammafunk_ghost_nasty_kobolds, enter_bailey_5, serial_bayou_pond_e
D:8:      layout_basic, chequers_serial_rivers_micro_a
D:9:      layout_roguey, dpeg_oklobed_lair, minmay_orc_entry_temple_small,
          st_stairs_7, nicolae_stop_n_shop_1
D:10:     layout_roguey, fedhas_altar_3, grunt_temple_overflow_open,
          mainiacjoe_overflow_tiny_flanked, gammafunk_ghost_necromancy
Temple:   regret_index_temple_mists

Skill      XL: |  1  2  3  4  5  6  7  8  9 10 |
---------------+-------------------------------+-----
Fighting       | 4 5 7 8 10 | 10.8
Armour         | 4 5 6 7 8 |  8.0
Shields        | 4 5 6 7 8 |  8.0
Maces & Flails | 3 4 5 6 |  6.9

Action                   |  1- 3 |  4- 6 |  7- 9 | 10-12 || total
-------------------------+-------+-------+-------+-------++-------
Melee: Flail             |   129 |    12 |       |       ||   141
       Whip              |       |   102 |   187 |       ||   289
       Headbutt          |       |    13 |    62 |    27 ||   102
       Mace              |       |       |   135 |   148 ||   283
  Use: Scroll            |       |       |     1 |       ||     1
       Potion            |       |       |       |     1 ||     1
Armor: Scale mail        |    49 |    35 |   105 |       ||   189
       Chain mail        |       |       |   155 |   102 ||   257
Dodge: Dodged            |    56 |    27 |   148 |    65 ||   296
Block: Buckler           |    20 |    20 |    84 |    50 ||   174
